 Dungeon Crawl Stone Soup version 0.18-a0-1413-g4eaa9ac (webtiles) character file.

1970 dvd the Thaumaturge (level 9, -2/47 HPs)
             Began as a Deep Elf Fire Elementalist on Feb 25, 2016.
             Was a Follower of Vehumet.
             Slain by Joseph
             ... wielding a +0 quarterstaff of draining
              (14 damage)
             ... on level 7 of the Dungeon.
             The game lasted 00:18:51 (6586 turns).

dvd the Thaumaturge (Deep Elf Fire Elementalist)    Turns: 6586, Time: 00:18:51

Health: -2/47      AC:  2    Str:  5    XL:     9   Next: 0%
Magic:  8/24       EV: 13    Int: 24    God:    Vehumet [*.....]
Gold:   314        SH:  0    Dex: 15    Spells: 6 memorised, 10 levels left

rFire  . . .     SeeInvis .     y - +6 hand axe "Daulyf" {pain, MR+}
rCold  . . .     Gourm    .     a - +0 robe
rNeg   . . .     Faith    .     (no shield)
rPois  .         Spirit   .     (no helmet)
rElec  .         Dismiss  .     (no cloak)
rCorr  .         Reflect  .     (no gloves)
SustAt .         Harm     .     (no boots)
MR     ++...                    (no amulet)
Stlth  ++........               q - ring of protection from magic
                                l - ring of wizardry

@: very slightly contaminated, drained, very resistant to hostile enchantments,
unstealthy
A: no striking features
a: Renounce Religion


You were on level 7 of the Dungeon.
You worshipped Vehumet.
Vehumet was aware of your devotion.
You were hungry.

You visited 2 branches of the dungeon, and saw 8 of its levels.

You collected 314 gold pieces.

Inventory:

Hand Weapons
 n - a +3 whip of holy wrath
 t - a +1 vampiric morningstar
 y - the +6 hand axe "Daulyf" (weapon) {pain, MR+}
   (You took it off a crimson imp on level 5 of the Dungeon)

   In the hands of one skilled in necromantic magic, it inflicts extra damage on
   living creatures.
   It affects your resistance to hostile enchantments.
Armour
 a - a +0 robe (worn)
Magical Staves
 w - an uncursed staff of earth
Jewellery
 l - a ring of wizardry (left hand)
 q - a ring of protection from magic (right hand)
 r - an uncursed ring of resist corrosion
 B - an uncursed ring of positive energy
Wands
 A - a wand of iceblast (8/15)
Scrolls
 f - 3 scrolls of remove curse
 h - 8 scrolls of identify
 i - 2 scrolls of teleportation {unknown}
 m - 5 scrolls of magic mapping {unknown}
 o - a scroll of enchant armour {unknown}
 u - a scroll of enchant weapon {unknown}
 x - a scroll of noise {unknown}
Potions
 e - 3 potions of curing
 g - a potion of invisibility {unknown}
 j - 2 potions of magic {unknown}
 k - a potion of heal wounds {unknown}
 s - 3 potions of haste {unknown}
 v - a potion of cancellation {unknown}
 z - a potion of mutation {unknown}
Books
 b - a book of Flames

   Spells                             Type                      Level
   a - Flame Tongue                   Conjuration/Fire             1
   b - Throw Flame                    Conjuration/Fire             2
   c - Conjure Flame                  Conjuration/Fire             3
   d - Inner Flame                    Hexes/Fire                   3
   e - Sticky Flame                   Conjuration/Fire             4
   f - Fireball                       Conjuration/Fire             5
 p - a Fen Folio

   Spells                             Type                      Level
   a - Corpse Rot                     Necromancy                   2
   b - Stone Arrow                    Conjuration/Earth            3
   c - Leda's Liquefaction            Hexes/Earth                  4
   d - Summon Forest                  Summoning/Translocation      5
   e - Hydra Form                     Transmutation                6
   f - Summon Hydra                   Summoning                    7
Comestibles
 c - 5 bread rations
 d - a meat ration
 E - 4 fruits


   Skills:
 + Level 1.3(0.6) Fighting
 + Level 0.7(0.0) Maces & Flails
 + Level 4.2(3.4) Dodging
 + Level 4.0(3.2) Stealth
 + Level 9.0(8.1) Spellcasting
 + Level 6.8(6.0) Conjurations
 + Level 7.3(6.5) Fire Magic


You had 10 spell levels left.
You knew the following spells:

 Your Spells              Type           Power        Failure   Level  Hunger
a - Flame Tongue          Conj/Fire      #####        1%          1    None
b - Throw Flame           Conj/Fire      #####.       1%          2    None
c - Sticky Flame          Conj/Fire      #####...     2%          4    ##.....
d - Fireball              Conj/Fire      #####.....   7%          5    #####..
e - Conjure Flame         Conj/Fire      #####...     1%          3    None
f - Shock                 Conj/Air       ###.         1%          1    None


Dungeon Overview and Level Annotations

Branches:
Dungeon (7/15)             Temple (1/1) D:4

Altars:
Ashenzari
Cheibriados
Dithmenos
Elyvilon
Fedhas
Gozag
Kikubaaqudgha
Makhleb
Nemelex Xobeh
Okawaru
Pakellas
Qazlal
Ru
Sif Muna
Trog
Vehumet
Xom
Yredelemnul
Zin
The Shining One

Annotations:
D:7 Joseph


Message History

Aim: Joseph, wielding a quarterstaff of draining and wearing a ring mail (moderately wounded)
The sticky flame hits Joseph.
Joseph appears unharmed.
Joseph is moderately wounded.
Joseph is covered in liquid flames!
Joseph burns!
Joseph barely misses you.
Casting: Sticky Flame
Confirm with . or Enter, or press ? or * to list all spells.
Aiming: Flame Tongue
Press: ? - help, Shift-Dir - straight line, f/p - Joseph
Aim: Joseph, wielding a quarterstaff of draining and wearing a ring mail (moderately wounded, covered in liquid flames)
The flame tongue hits Joseph.
Joseph is heavily wounded.
Joseph burns!
Joseph hits you with an uncursed quarterstaff of draining!
* * * LOW HITPOINT WARNING * * *
You feel drained.
* * * LOW HITPOINT WARNING * * *
Drink which item? (? for menu, Esc to quit)
It was a potion of curing.
You feel better.
Joseph burns!
Joseph hits you with an uncursed quarterstaff of draining!
You die...

### ..# #####.#
#...#@# ####'#+#@##
#......(..#
#########.........#
..............<...#
########.....###+##
#<.........>.....
######.........#.
...............#
####.###....##.#


You could see Joseph (burning).

Vanquished Creatures
  Pikel (D:4)
  2 orc warriors (D:6)
  A sky beast (D:6)
  A phantom (D:5)
  5 ogres
  A crimson imp (D:5)
  A giant frog zombie (D:5)
  3 orc priests
  7 orc wizards
  Ijyb (D:3)
  2 worker ants
  An iguana (D:4)
  A hound skeleton (D:5)
  4 gnolls (D:2)
  10 adders
  An adder zombie (D:5)
  An adder skeleton (D:4)
  4 worms
  3 dart slugs
  2 giant geckos
  26 orcs
  5 ball pythons
  4 giant cockroaches
  9 goblins
  5 hobgoblins
  7 jackals
  2 quokkas (D:4)
  3 bats
  7 giant newts
  7 kobolds
  9 rats
136 creatures vanquished.

Vanquished Creatures (others)
  An adder (D:4)
  3 orcs (D:4)
  7 toadstools (D:1)
11 creatures vanquished.

Grand Total: 147 creatures vanquished

Notes
Turn   | Place    | Note
--------------------------------------------------------------
     0 | D:1      | dvd the Deep Elf Fire Elementalist began the quest for the Orb.
     0 | D:1      | Reached XP level 1. HP: 10/10 MP: 6/6
   309 | D:1      | Reached XP level 2. HP: 15/15 MP: 2/8
   370 | D:1      | Learned a level 2 spell: Throw Flame
   780 | D:1      | Reached XP level 3. HP: 15/19 MP: 2/9
  1521 | D:2      | Reached skill level 4 in Spellcasting
  1521 | D:2      | Reached XP level 4. HP: 24/24 MP: 6/12
  1921 | D:3      | Reached XP level 5. HP: 15/28 MP: 5/13
  2164 | D:3      | Learned a level 4 spell: Sticky Flame
  2301 | D:3      | Reached skill level 5 in Fire Magic
  2547 | D:3      | Noticed Ijyb
  2555 | D:3      | Killed Ijyb
  2555 | D:3      | Reached XP level 6. HP: 32/32 MP: 4/15
  2786 | D:3      | Reached skill level 5 in Spellcasting
  2995 | D:4      | Noticed a slave
  3180 | D:4      | Reached skill level 6 in Spellcasting
  3196 | D:4      | Noticed Pikel
  3248 | D:4      | Noticed a slave
  3248 | D:4      | Noticed a slave
  3254 | D:4      | Noticed a slave
  3254 | D:4      | Killed Pikel
  3254 | D:4      | Reached skill level 7 in Spellcasting
  3254 | D:4      | Reached skill level 5 in Conjurations
  3254 | D:4      | Reached XP level 7. HP: 32/36 MP: 4/19
  3261 | D:4      | Learned a level 5 spell: Fireball
  3435 | D:4      | Reached XP level 8. HP: 41/41 MP: 14/21
  3820 | D:4      | Found a staircase to the Ecumenical Temple.
  3825 | Temple   | Entered the Ecumenical Temple
  3832 | Temple   | Became a worshipper of Vehumet
  3975 | D:5      | Entered Level 5 of the Dungeon
  4015 | D:5      | Learned a level 3 spell: Conjure Flame
  4153 | D:5      | Reached skill level 8 in Spellcasting
  4780 | D:5      | Got a crystal hand axe {pain}
  4781 | D:5      | Identified the +6 hand axe "Daulyf" {pain, MR+} (You took it off a crimson imp on level 5 of the Dungeon)
  5058 | D:5      | Found an oddly glowing altar of Pakellas.
  5659 | D:6      | Reached skill level 1 in Fighting
  6010 | D:6      | Found a deep blue altar of Sif Muna.
  6023 | D:6      | Reached * piety under Vehumet
  6023 | D:6      | Offered knowledge of Shock by Vehumet.
  6026 | D:6      | Learned a level 1 spell: Shock
  6226 | D:6      | Reached skill level 9 in Spellcasting
  6226 | D:6      | Reached XP level 9. HP: 31/47 MP: 8/24
  6579 | D:7      | Noticed Joseph
  6585 | D:7      | HP: 1/47 [Joseph/uncursed quarterstaff of draining (4)]
  6586 | D:7      | Slain by Joseph

Vault maps used:
D:1:      nagdon_arrival_double_spiral
D:2:      columned_hall_lemuel
D:3:      hex_medium, uniq_iyjb
D:4:      temple_doors_a, first_bread, uniq_pikel
D:5:      kennysheep_mini
D:6:      led_sif_book
D:7:      uniq_joseph
Temple:   nicolae_temple_no_exploring_needed

Skill      XL: |  1  2  3  4  5  6  7  8 |
---------------+-------------------------+-----
Fire Magic     | 4 5 6 7 |  7.3
Spellcasting   | 4 7 9 |  9.0
Conjurations   | 2 3 5 6 |  6.8
Stealth        | 3 4 |  4.0
Dodging        | 3 4 |  4.2
Fighting       | 1 |  1.3
Maces & Flails | |  0.7

Action                   |  1- 3 |  4- 6 |  7- 9 || total
-------------------------+-------+-------+-------++-------
Melee: Unarmed           |     2 |       |       ||     2
       Whip              |       |     9 |    15 ||    24
       Hand axe          |       |       |     2 ||     2
 Cast: Flame Tongue      |    54 |    85 |    48 ||   187
       Throw Flame       |    16 |    33 |    35 ||    84
       Sticky Flame      |       |     3 |    13 ||    16
       Fireball          |       |       |     4 ||     4
       Shock             |       |       |     3 ||     3
  Use: Scroll            |       |       |     2 ||     2
       Potion            |       |       |     1 ||     1
 Stab: Sleeping          |       |     4 |       ||     4
  Eat: Chunk             |     2 |     6 |     6 ||    14
       Meat ration       |       |       |     1 ||     1
